 Dungeon Crawl Stone Soup version 0.29-a0-553-g81b289dbe5 (webtiles) character file.

Game seed: 7776107861225582254

125 porpoise the Skirmisher (level 4, -5/35 HPs)
             Began as a Demonspawn Artificer on June 6, 2022.
             Slain by an orc priest
             ... wielding a +2 short sword of electrocution
              (11 damage)
             ... on level 3 of the Dungeon.
             The game lasted 00:05:59 (1987 turns).

porpoise the Skirmisher (Demonspawn Artificer)      Turns: 1987, Time: 00:05:59

Health: -5/35      AC:  6    Str: 14    XL:     4   Next: 82%
Magic:  4/4        EV: 10    Int: 12    God:
Gold:   98         SH:  0    Dex: 16    Spells: 3/3 levels left

rFire   . . .      SeeInvis .   a - +0 short sword
rCold   . . .      Faith    .   (no shield)
rNeg    . . .      Spirit   .   h - +0 ring mail
rPois   .          Reflect  .   (no helmet)
rElec   .          Harm     .   q - +0 cloak
rCorr   .          Rampage  .   (no gloves)
Will    .....                   (no boots)
Stlth   ++........              (no amulet)
HPRegen 0.11/turn               (no ring)
MPRegen 0.09/turn               (no ring)

@: no status effects
A: thin skeletal structure 1
a: no special abilities


You were on level 3 of the Dungeon.
You visited 1 branch of the dungeon, and saw 3 of its levels.

You collected 98 gold pieces.

Inventory:

Hand Weapons
 a - a +0 short sword (weapon)
 b - a +0 spear
Armour
 h - a +0 ring mail (worn)
 q - a +0 cloak (worn)
Jewellery
 g - a ring of protection from cold
Wands
 c - a wand of flame (14)
 d - a wand of charming (15)
 e - a wand of iceblast (9)
Scrolls
 i - a scroll of fear {unknown}
 l - 3 scrolls of teleportation {unknown}
 o - a scroll of fog {unknown}
 p - a scroll of immolation {unknown}
 r - a scroll of enchant armour {unknown}
 s - a scroll of noise {unknown}
 t - a scroll of identify {unknown}
Potions
 f - a potion of heal wounds {unknown}
 j - a potion of curing
 m - 2 potions of degeneration {unknown}
 n - a potion of mutation {unknown}


   Skills:
 * Level 3.3 Fighting
 - Level 2.0 Short Blades
 - Level 1.7 Armour
 - Level 0.8 Dodging
 + Level 2.2 Stealth
 - Level 3.0 Evocations


You had 3 spell levels left.
You didn't know any spells.
Your spell library was empty.

Dungeon Overview and Level Annotations

Branches:
Dungeon (3/15)

Altars:


Innate Abilities, Weirdness & Mutations

You have a somewhat thin skeletal structure. (Dex +2, Stealth+)


Message History

Aim: a giant cockroach (60% to hit)
You throw a poisoned dart.
The poisoned dart hits the giant cockroach.
The giant cockroach is poisoned.
The giant cockroach bites you but does no damage.
You hit the giant cockroach.
The giant cockroach is almost dead.
You kill the giant cockroach!
You hit the orc.
The orc is moderately wounded.
The orc hits you with a +0 club.
* * * LOW HITPOINT WARNING * * *
You closely miss the orc.
The orc is moderately wounded.
The orc barely misses you.
You feel better. The orc hits you but does no damage.
You closely miss the orc.
The orc is moderately wounded.
The orc barely misses you.
You completely miss the orc.
The orc is moderately wounded.
The orc barely misses you.
You hit the orc.
The orc is heavily wounded.
The orc priest begins to cast a cantrip, but forgets the words!
The orc barely misses you.
You hit the orc.
You kill the orc!
The orc priest sings a few bars from the Orcish anthem.
You hit the orc priest but do no damage.
The orc priest hits you with a +2 short sword of electrocution.
You hit the orc priest.
The orc priest is lightly wounded.
The orc priest hits you but does no damage.
You hit the orc priest but do no damage.
The orc priest is lightly wounded.
The orc priest hits you with a +2 short sword of electrocution.
* * * LOW HITPOINT WARNING * * *
You are electrocuted!
You die...

# #.. .# # #.
#.#...### #
#.##.##..... .
#.......... #.##.#
#.##.# .## #.##.#
.....####.##.#
#(.(o@...<#######.
#...####............
## ####.######## #.#
#.# #.. ###


You could see an orc priest.

Vanquished Creatures
  An orc priest (D:2)
  A gnoll (D:1)
  3 adders
  4 dart slugs
  5 orcs
  5 endoplasms
  2 giant cockroaches
  5 goblins
  4 hobgoblins (D:2)
  2 quokkas (D:1)
  2 ball pythons
  3 bats
  2 kobolds
  6 rats
45 creatures vanquished.

Notes
Turn   | Place    | Note
-------+----------+-------------------------------------------
     0 | D:1      | porpoise the Demonspawn Artificer began the quest for the
                  | Orb.
     0 | D:1      | Reached XP level 1. HP: 15/15 MP: 1/1
    86 | D:1      | Reached skill level 1 in Stealth
   156 | D:1      | Gained mutation: You have a somewhat thin skeletal
                  | structure. (Dex +2, Stealth+) [demonic ancestry]
   156 | D:1      | Reached XP level 2. HP: 15/21 MP: 2/2
   271 | D:1      | Reached skill level 1 in Short Blades
   600 | D:1      | Reached XP level 3. HP: 26/27 MP: 3/3
  1518 | D:2      | Reached XP level 4. HP: 25/34 MP: 4/4
  1987 | D:3      | Slain by an orc priest

Illustrated notes

Levels and vault maps discovered:
D:1:      noname_arrival_rooms_in_the_neighbourhood, layout_basic,
          minmay_pentomino_u2
D:2:      layout_loops_ring
D:3:      layout_loops_ring, grunt_gozag_breadcrumbs,
          nemelex_xobeh_ov_fountains_minmay, hellmonk_ecumenical_altar_run_dry,
          uniq_natasha

Skill      XL: |  1  2  3  4 |
---------------+-------------+-----
Stealth        | 1 2 |  2.2
Short Blades   | 1 2 |  2.0
Fighting       | 2 3 |  3.3
Armour         | |  1.7
Dodging        | |  0.8
Evocations     | |  3.0

Action                   |  1- 3 |  4- 6 || total
-------------------------+-------+-------++-------
Melee: Short sword       |    89 |    38 ||   127
       Club              |     9 |       ||     9
       Punch             |     3 |     2 ||     5
Throw: Dart              |       |     5 ||     5
Evoke: Wand              |     1 |       ||     1
  Use: Potion            |       |     2 ||     2
 Stab: Sleeping          |    10 |     3 ||    13
Armor: Leather armour    |     1 |       ||     1
       Ring mail         |    26 |     9 ||    35
Dodge: Dodged            |    46 |    20 ||    66

Table legend: (Time is in decaauts)
 A = Elapsed time spent in this place.
 B = Non-inter-level travel time spent in this place.
 C = Inter-level travel time spent in this place.
 D = Time resting spent in this place.
 E = Time spent auto-exploring this place.
 F = Levels seen in this place.
 G = Mean time per level.
                   A        B        C        D        E       F      G
               +--------+--------+--------+--------+--------+-----+--------+
         Total |   1992 |   1948 |     44 |    484 |   1071 |   3 |  664.0 |
       Dungeon |   1992 |   1948 |     44 |    484 |   1071 |   3 |  664.0 |
               +--------+--------+--------+--------+--------+-----+--------+

Top non-repeatable levels by time:
     D:2: 1032 daAuts
     D:1: 908 daAuts
     D:3: 51 daAuts
